Thunder vs Diablos
(R1)
Created - April 22, 2019 at 23:11
Goals
|
Thunder |
0 |
4 |
3 |
7 |
Diablos |
0 |
1 |
5 |
6 |
|
Shots
|
Thunder |
7 |
13 |
13 |
33 |
Diablos |
14 |
10 |
8 |
32 |
|
1st period
No Goal
Penalties :
Peter Andersson (TRO) for Hooking (Minor) at 1:46, Nick Spaling (Don) for High sticking (Minor) at 10:58, Peter Andersson (TRO) for Holding Stick (Minor) at 14:15
2nd period
1. Thunder , Benn Ferriero 6 (David Wolf 17) at 3:31
2. Thunder , Trevor Lewis 33 (Thomas Spelling 28, David Wolf 18) at 8:36 (PP)
3. Thunder , Trevor Lewis 34 (Duncan Siemens 10, Adam Clendening 17) at 9:49
4. Diablos , Jason Akeson 37 (Brian Dumoulin 27, Lars Eller 72) at 9:55
5. Thunder , Ryan Nugent-Hopkins 28 (Benn Ferriero 6) at 15:04 (SH)
Penalties :
Bryan Bickell (Don) for Roughing (Minor) at 4:38, Philip Larsen (Don) for Holding (Minor) at 7:11, Jared Staal (TRO) for Hooking (Minor) at 11:42, Joe Labate (TRO) for Hooking (Minor) at 14:56, Gianluca Curcuruto (TRO) for Interference (Minor) at 19:44
3rd period
6. Thunder , Benn Ferriero 7 (Duncan Siemens 11, David Wolf 19) at 4:58
7. Diablos , Lars Eller 35 (Jason Akeson 40, Alex Petrovic 33) at 7:36
8. Diablos , Cameron Gaunce 14 (Jason Akeson 41, Lars Eller 73) at 13:08 (PP)
9. Diablos , Lars Eller 36 (Jason Akeson 42, Nick Spaling 44) at 13:21
10. Thunder , Adam Clendening 3 (Benn Ferriero 7) at 14:37
11. Thunder , Benn Ferriero 8 (Duncan Siemens 12, Ryan Nugent-Hopkins 50) at 14:52
12. Diablos , Jiri Sekac 6 (Jordan Szwarz 34, Alex Petrovic 34) at 18:11
13. Diablos , Bryan Bickell 19 (Alex Petrovic 35) at 18:25
Penalties :
David Wolf (TRO) for Tripping (Minor) at 9:25, Duncan Siemens (TRO) for Slashing (Minor) at 12:54, Jake Muzzin (TRO) for High sticking (Minor) at 18:46
Goalie Stats
Devan Dubnyk (TRO), 26 saves from 32 shots - (0.813), W, 24-20-3, 60:00 minutes
Andrew Hammond (Don), 14 saves from 18 shots - (0.778), 35:04 minutes
Kristers Gudlevskis (Don), 12 saves from 15 shots - (0.800), L, 19-24-5, 23:55 minutes
Players Stats for Thunder
Player Name G A P +/- PIM S H SB GA TA FO MP PP MP PK MP
------------------------------------------------------------------------------------
Adam Clendening 1 1 2 3 0 3 1 0 0 1 0/0 22:23 1:57 5:15
Artur Gavrus 0 0 0 0 0 0 0 0 0 0 0/0 0:00 0:00 0:00
Austin Wuthrich 0 0 0 1 0 1 1 0 0 0 1/2 4:55 0:02 0:00
Benn Ferriero 3 2 5 3 0 7 2 1 2 3 8/15 26:47 3:24 7:28
Colby Cave 0 0 0 0 0 0 0 0 0 0 0/0 10:22 0:51 0:00
David Wolf 0 3 3 1 2 1 3 0 0 0 1/2 20:09 3:24 4:23
Duncan Siemens 0 3 3 3 2 1 1 1 0 2 0/0 21:25 1:57 5:15
Gianluca Curcuruto 0 0 0 0 2 0 0 0 0 0 0/0 13:05 0:00 2:59
Jake Muzzin 0 0 0 -2 2 1 1 2 1 2 0/0 27:19 3:26 7:29
Jamie McGinn 0 0 0 0 0 0 1 0 0 0 0/0 4:55 0:48 0:00
Jared Staal 0 0 0 -2 2 0 3 2 1 0 0/0 11:06 0:00 0:00
Jarrod Maidens 0 0 0 0 0 0 0 0 0 0 0/0 2:18 0:00 2:07
Joe Labate 0 0 0 -2 2 0 2 0 0 0 1/2 10:44 0:00 0:00
Mikko Vainonen 0 0 0 0 0 1 1 0 0 0 0/0 10:03 0:00 0:00
Nikolay Prokhorkin 0 0 0 -2 0 0 0 0 0 0 0/0 11:53 0:02 0:44
Peter Andersson 0 0 0 -2 4 2 0 0 2 3 0/0 25:48 3:26 5:44
Ryan Nugent-Hopkins 1 1 2 2 0 6 1 1 1 1 10/21 22:54 3:24 7:32
Thomas Spelling 0 1 1 0 0 3 1 0 0 0 3/3 14:50 1:57 0:00
Trevor Lewis 2 0 2 0 0 6 2 1 0 1 6/13 18:59 1:57 4:09
Vincent Dunn 0 0 0 0 0 0 0 0 0 0 0/1 1:22 0:20 0:00
Zach Stepan 0 0 0 1 0 1 0 0 0 0 1/1 5:14 0:00 0:19
Players Stats for Diablos
Player Name G A P +/- PIM S H SB GA TA FO MP PP MP PK MP
------------------------------------------------------------------------------------
Alex Petrovic 0 3 3 2 0 0 0 0 0 1 0/0 20:18 4:37 3:18
Andrei Mironov 0 0 0 -1 0 0 0 1 0 1 0/0 12:47 0:00 2:05
Barclay Goodrow 0 0 0 -1 0 0 0 0 0 0 0/0 7:24 0:00 0:00
Brian Dumoulin 0 1 1 1 0 1 2 1 0 0 0/0 21:22 8:44 0:00
Bryan Bickell 1 0 1 1 2 1 0 2 0 0 0/0 15:28 5:37 1:15
Cameron Gaunce 1 0 1 -2 0 5 2 1 4 4 0/0 29:06 8:02 3:18
Corey Trivino 0 0 0 -1 0 1 3 0 0 0 4/16 19:11 5:22 2:49
Jason Akeson 1 3 4 0 0 4 2 1 1 0 0/1 22:40 7:25 1:22
Jiri Sekac 1 0 1 -1 0 4 0 0 0 0 1/1 12:36 0:18 0:55
Jordan Szwarz 0 1 1 -1 0 1 3 0 1 0 0/0 16:22 5:22 0:00
Lars Eller 2 2 4 0 0 9 2 2 0 0 18/30 22:40 7:25 1:22
Marek Zagrapan 0 0 0 1 0 1 3 0 1 0 2/5 8:28 0:00 0:00
Nick Spaling 0 1 1 0 2 1 1 0 1 0 2/4 23:15 7:26 1:51
Peter Holland 0 0 0 -1 0 0 1 0 0 0 2/3 9:41 0:34 1:12
Philip Larsen 0 0 0 -1 2 3 0 1 2 0 0/0 22:41 4:15 0:00
Sergey Tolchinsky 0 0 0 -1 0 0 1 1 1 1 0/0 7:24 0:00 0:00
Tyler Pitlick 0 0 0 1 0 0 0 0 1 0 0/0 9:26 0:34 0:00
Viktor Loov 0 0 0 -1 0 1 1 1 1 0 0/0 13:45 1:04 2:05
3 Stars
1 - Benn Ferriero (TRO)
2 - Lars Eller (Don)
3 - Jason Akeson (Don)
Power Play
Thunder - 1 on 3 Attempt(s) - 33.33%
Diablos - 1 on 8 Attempt(s) - 12.50%
Penalty Kill
Thunder - 7 on 8 Attempt(s) - 87.50%
- Score 1 goal in Penalty Kill
Diablos - 2 on 3 Attempt(s) - 66.67%
- Score 0 goal in Penalty Kill
Team Stat
Thunder - Hits : 20 - Faceoff Wins : 31 - Blocked Shots : 8 - Penalty Minutes : 16
Diablos - Hits : 21 - Faceoff Wins : 29 - Blocked Shots : 11 - Penalty Minutes : 6
Official
Referees : Unknown
Linesman : Unknown
Game Notes
Jamie McGinn is injured at 19:20 of 1st period (Strained Right Elbow)
Kristers Gudlevskis enters game at 15:04 of 2nd period
Benn Ferriero has scored a Hat Trick!
Finance
Level 1 -- Attendance: 1411 (70.55%) -- Ticket Income $38,097
Level 2 -- Attendance: 817 (81.70%) -- Ticket Income $8,170
Total Attendance: 2228 (74.27%)
Total Ticket Income: $46,267
Other Income: $2,313
Total Income: $48,580
Thunder
5 vs 5 Forward
Center Left Wing Right Wing Time % Phy DF OF
1 Ryan Nugent-Hopkins David Wolf Benn Ferriero 40 1 2 2
2 Trevor Lewis Jamie McGinn Thomas Spelling 30 1 2 2
3 Joe Labate Nikolay Prokhorkin Jared Staal 20 1 2 2
4 Zach Stepan Benn Ferriero Austin Wuthrich 10 1 2 2
5 vs 5 Defense
Defense Defense Time % Phy DF OF
1 Jake Muzzin Peter Andersson 40 1 2 2
2 Adam Clendening Duncan Siemens 30 1 2 2
3 Mikko Vainonen Gianluca Curcuruto 20 1 2 2
4 Jake Muzzin Peter Andersson 10 1 2 2
PowerPlay Forward
Center Left Wing Right Wing Time % Phy DF OF
1 Ryan Nugent-Hopkins David Wolf Benn Ferriero 60 1 2 2
2 Trevor Lewis Jamie McGinn Thomas Spelling 40 1 2 2
PowerPlay Defense
Defense Defense Time % Phy DF OF
1 Jake Muzzin Peter Andersson 60 1 2 2
2 Adam Clendening Duncan Siemens 40 1 2 2
Penalty Kill 4 Players Forward
Center Wing Time % Phy DF OF
1 Benn Ferriero Ryan Nugent-Hopkins 60 1 2 2
2 Trevor Lewis David Wolf 40 1 2 2
Penalty Kill 4 Players Defense
Defense Defense Time % Phy DF OF
1 Jake Muzzin Peter Andersson 60 1 2 2
2 Adam Clendening Duncan Siemens 40 1 2 2
Penalty Kill - 3 Players Forward
Forward Time % Phy DF OF
1 Benn Ferriero 60 1 2 2
2 Ryan Nugent-Hopkins 40 1 2 2
Penalty Kill - 3 Players Defense
Defense Defense Time % Phy DF OF
1 Jake Muzzin Peter Andersson 60 1 2 2
2 Adam Clendening Duncan Siemens 40 1 2 2
4 vs 4 Forward
Center Wing Time % Phy DF OF
1 Benn Ferriero Ryan Nugent-Hopkins 60 1 2 2
2 Trevor Lewis David Wolf 40 1 2 2
4 vs 4 Defense
Defense Defense Time % Phy DF OF
1 Jake Muzzin Peter Andersson 60 1 2 2
2 Adam Clendening Duncan Siemens 40 1 2 2
Last Minutes Offensive
Center Left Wing Right Wing Defense Defense
Ryan Nugent-Hopkins David Wolf Benn Ferriero Jake Muzzin Peter Andersson
Last Minutes Defensive
Center Left Wing Right Wing Defense Defense
Ryan Nugent-Hopkins David Wolf Benn Ferriero Jake Muzzin Peter Andersson
Goaltenders
Starting : Devan Dubnyk
Backup : Niklas Treutle
Extra Forwards
Normal : Colby Cave, Vincent Dunn, Jarrod Maidens - PP : Colby Cave, Vincent Dunn - PK : Jarrod Maidens
Extra Defensemen
Normal : Mikko Vainonen, Gianluca Curcuruto, Adam Clendening - PP : Mikko Vainonen - PK : Gianluca Curcuruto, Adam Clendening
Penalty Shots
Benn Ferriero, Ryan Nugent-Hopkins, Trevor Lewis, David Wolf, Jamie McGinn
Scratches
Dany Roussin (Bruised Left Shoulder Injury)
Diablos
5 vs 5 Forward
Center Left Wing Right Wing Time % Phy DF OF
1 Lars Eller Nick Spaling Jason Akeson 40 0 2 3
2 Corey Trivino Jiri Sekac Jordan Szwarz 30 0 2 3
3 Marek Zagrapan Bryan Bickell Tyler Pitlick 20 0 2 3
4 Peter Holland Sergey Tolchinsky Barclay Goodrow 10 1 3 1
5 vs 5 Defense
Defense Defense Time % Phy DF OF
1 Cameron Gaunce Philip Larsen 40 0 3 2
2 Alex Petrovic Brian Dumoulin 30 0 3 2
3 Viktor Loov Andrei Mironov 20 0 3 2
4 Cameron Gaunce Alex Petrovic 10 0 3 2
PowerPlay Forward
Center Left Wing Right Wing Time % Phy DF OF
1 Lars Eller Nick Spaling Jason Akeson 60 0 0 5
2 Corey Trivino Bryan Bickell Jordan Szwarz 40 0 0 5
PowerPlay Defense
Defense Defense Time % Phy DF OF
1 Cameron Gaunce Brian Dumoulin 60 0 1 4
2 Philip Larsen Alex Petrovic 40 0 1 4
Penalty Kill 4 Players Forward
Center Wing Time % Phy DF OF
1 Corey Trivino Nick Spaling 60 0 5 0
2 Lars Eller Jason Akeson 40 0 5 0
Penalty Kill 4 Players Defense
Defense Defense Time % Phy DF OF
1 Cameron Gaunce Alex Petrovic 60 0 5 0
2 Viktor Loov Andrei Mironov 40 0 5 0
Penalty Kill - 3 Players Forward
Forward Time % Phy DF OF
1 Peter Holland 60 0 5 0
2 Lars Eller 40 0 5 0
Penalty Kill - 3 Players Defense
Defense Defense Time % Phy DF OF
1 Cameron Gaunce Alex Petrovic 60 0 5 0
2 Viktor Loov Brian Dumoulin 40 0 5 0
4 vs 4 Forward
Center Wing Time % Phy DF OF
1 Marek Zagrapan Jason Akeson 60 0 2 3
2 Lars Eller Jordan Szwarz 40 0 2 3
4 vs 4 Defense
Defense Defense Time % Phy DF OF
1 Cameron Gaunce Alex Petrovic 60 0 2 3
2 Philip Larsen Alex Petrovic 40 0 2 3
Last Minutes Offensive
Center Left Wing Right Wing Defense Defense
Lars Eller Nick Spaling Jason Akeson Cameron Gaunce Alex Petrovic
Last Minutes Defensive
Center Left Wing Right Wing Defense Defense
Lars Eller Nick Spaling Jordan Szwarz Cameron Gaunce Alex Petrovic
Goaltenders
Starting : Andrew Hammond
Backup : Kristers Gudlevskis
Extra Forwards
Normal : Jordan Szwarz, Marek Zagrapan, Jason Akeson - PP : Jordan Szwarz, Jason Akeson - PK : Nick Spaling
Extra Defensemen
Normal : Brian Dumoulin, Philip Larsen, Alex Petrovic - PP : Brian Dumoulin - PK : Philip Larsen, Alex Petrovic
Penalty Shots
Nick Spaling, Jordan Szwarz, Lars Eller, Jiri Sekac, Bryan Bickell
Scratches
Tyler Lewington (Healthy), Tobias Lindberg (Healthy), Andrey Pedan (Healthy), Nikita Nesterov (Healthy), David Musil (Healthy)
Danny Kristo (Suspend), Darcy Kuemper (Healthy), Joni Ortio (Healthy)
% Time on Ice - Thunder
Lines # - Real PCT - Wanted PCT - Time Play
Normal Forward
1 - 31% - 40% - 12:45
2 - 32% - 30% - 13:08
3 - 26% - 20% - 10:45
4 - 11% - 10% - 4:38
Normal Defense
1 - 40% - 40% - 16:30
2 - 34% - 30% - 14:14
3 - 24% - 20% - 10:03
4 - 1% - 10% - 0:29
PP Forward
1 - 63% - 60% - 3:24
2 - 37% - 40% - 1:59
PP Defense
1 - 64% - 60% - 3:26
2 - 36% - 40% - 1:57
PK Forward
1 - 69% - 60% - 9:12
2 - 31% - 40% - 4:09
PK Defense
1 - 64% - 60% - 8:33
2 - 36% - 40% - 4:48
PK3 Forward
1 - 0% - 60%
2 - 0% - 40%
PK3 Defense
1 - 0% - 60%
2 - 0% - 40%
44 Forward
1 - 0% - 60%
2 - 0% - 40%
44 Defense
1 - 0% - 60%
2 - 0% - 40%
Last Minute Offensive - 0:00
Last Minute Defensive - 0:00
Total
Forward - 60:00
Defense - 60:00
|
% Time on Ice - Diablos
Lines # - Real PCT - Wanted PCT - Time Play
Normal Forward
1 - 35% - 40% - 14:24
2 - 27% - 30% - 11:00
3 - 21% - 20% - 8:28
4 - 18% - 10% - 7:24
Normal Defense
1 - 44% - 40% - 18:18
2 - 28% - 30% - 11:39
3 - 26% - 20% - 10:42
4 - 1% - 10% - 0:37
PP Forward
1 - 58% - 60% - 7:44
2 - 42% - 40% - 5:37
PP Defense
1 - 65% - 60% - 8:44
2 - 35% - 40% - 4:37
PK Forward
1 - 75% - 60% - 4:01
2 - 25% - 40% - 1:22
PK Defense
1 - 61% - 60% - 3:18
2 - 39% - 40% - 2:05
PK3 Forward
1 - 0% - 60%
2 - 0% - 40%
PK3 Defense
1 - 0% - 60%
2 - 0% - 40%
44 Forward
1 - 0% - 60%
2 - 0% - 40%
44 Defense
1 - 0% - 60%
2 - 0% - 40%
Last Minute Offensive - 0:00
Last Minute Defensive - 0:00
Total
Forward - 60:00
Defense - 60:00
|
Play-by-Play
1st period
0:01 of 1st period - Lars Eller wins face-off versus Ryan Nugent-Hopkins in neutral zone.
0:04 of 1st period - Wrist shot by Jason Akeson.
0:04 of 1st period - Shot Misses the Net.
0:12 of 1st period - Snap shot by Benn Ferriero.
0:12 of 1st period - Stopped by Andrew Hammond with a rebound.
0:14 of 1st period - Slapshot by Peter Andersson.
0:14 of 1st period - Stopped by Andrew Hammond with a rebound.
0:16 of 1st period - Slapshot by Ryan Nugent-Hopkins.
0:16 of 1st period - Stopped by Andrew Hammond without a rebound.
0:17 of 1st period - Corey Trivino wins face-off versus Trevor Lewis in Diablos zone.
0:43 of 1st period - Marek Zagrapan is hit by Joe Labate.
1:05 of 1st period - Snap shot by Zach Stepan.
1:05 of 1st period - Stopped by Andrew Hammond with a rebound.
1:07 of 1st period - Snap shot by Austin Wuthrich.
1:07 of 1st period - Stopped by Andrew Hammond without a rebound.
1:08 of 1st period - Austin Wuthrich wins face-off versus Lars Eller in Diablos zone.
1:17 of 1st period - Snap shot by Benn Ferriero.
1:17 of 1st period - Deflect By Nick Spaling.
1:17 of 1st period - Stopped by Andrew Hammond without a rebound.
1:18 of 1st period - Lars Eller wins face-off versus Benn Ferriero in Diablos zone.
1:18 of 1st period - Lars Eller is hit by Jake Muzzin.
1:44 of 1st period - Slapshot by Jason Akeson.
1:44 of 1st period - Shot Misses the Net.
1:46 of 1st period - Minor Penalty to Peter Andersson for Hooking.
1:47 of 1st period - Lars Eller wins face-off versus Benn Ferriero in Thunder zone.
2:22 of 1st period - Slapshot by Cameron Gaunce.
2:22 of 1st period - Stopped by Devan Dubnyk without a rebound.
2:23 of 1st period - Benn Ferriero wins face-off versus Corey Trivino in Thunder zone.
2:34 of 1st period - Alex Petrovic is hit by David Wolf and loses puck.
3:46 of 1st period - Penalty to Peter Andersson is over, Peter Andersson is back on ice.
4:14 of 1st period - Off-side.
4:15 of 1st period - Trevor Lewis wins face-off versus Marek Zagrapan in neutral zone.
4:18 of 1st period - Cameron Gaunce is hit by Jamie McGinn and loses puck.
4:55 of 1st period - Jason Akeson is hit by Benn Ferriero and loses puck.
5:06 of 1st period - Peter Andersson is hit by Corey Trivino.
5:10 of 1st period - Jordan Szwarz is hit by Joe Labate and loses puck.
6:20 of 1st period - Snap shot by Jordan Szwarz.
6:20 of 1st period - Stopped by Devan Dubnyk without a rebound.
6:21 of 1st period - Trevor Lewis wins face-off versus Corey Trivino in Thunder zone.
6:26 of 1st period - Corey Trivino is hit by Trevor Lewis and loses puck.
6:43 of 1st period - Nikolay Prokhorkin is hit by Lars Eller and loses puck.
7:22 of 1st period - Trevor Lewis is hit by Jordan Szwarz and loses puck.
7:43 of 1st period - Brian Dumoulin is hit by Jared Staal and loses puck.
8:33 of 1st period - Ryan Nugent-Hopkins is hit by Corey Trivino and loses puck.
8:38 of 1st period - Snap shot by Corey Trivino.
8:38 of 1st period - Shot Blocked by Benn Ferriero.
8:54 of 1st period - Jason Akeson is hit by Mikko Vainonen and loses puck.
10:26 of 1st period - Trevor Lewis is hit by Jordan Szwarz.
10:27 of 1st period - Icing by Trevor Lewis.
10:28 of 1st period - Marek Zagrapan wins face-off versus Trevor Lewis in Thunder zone.
10:41 of 1st period - Snap shot by Marek Zagrapan.
10:41 of 1st period - Shot Misses the Net.
10:47 of 1st period - Slapshot by Thomas Spelling.
10:47 of 1st period - Stopped by Andrew Hammond without a rebound.
10:48 of 1st period - Lars Eller wins face-off versus Ryan Nugent-Hopkins in Diablos zone.
10:58 of 1st period - Minor Penalty to Nick Spaling for High sticking.
10:59 of 1st period - Ryan Nugent-Hopkins wins face-off versus Corey Trivino in Diablos zone.
11:12 of 1st period - Slapshot by Cameron Gaunce.
11:12 of 1st period - Stopped by Devan Dubnyk without a rebound.
11:13 of 1st period - Ryan Nugent-Hopkins wins face-off versus Corey Trivino in Thunder zone.
12:00 of 1st period - Slapshot by Viktor Loov.
12:00 of 1st period - Deflect By Benn Ferriero.
12:00 of 1st period - Stopped by Devan Dubnyk with a rebound.
12:58 of 1st period - Penalty to Nick Spaling is over, Nick Spaling is back on ice.
13:08 of 1st period - Snap shot by Nick Spaling.
13:08 of 1st period - Stopped by Devan Dubnyk without a rebound.
13:09 of 1st period - Lars Eller wins face-off versus Joe Labate in Thunder zone.
13:12 of 1st period - Wrist shot by Jason Akeson.
13:12 of 1st period - Stopped by Devan Dubnyk with a rebound.
13:14 of 1st period - Snap shot by Nick Spaling.
13:14 of 1st period - Deflect By Lars Eller.
13:14 of 1st period - Stopped by Devan Dubnyk with a rebound.
13:58 of 1st period - Wrist shot by Trevor Lewis.
13:58 of 1st period - Shot Misses the Net.
14:00 of 1st period - Snap shot by Thomas Spelling.
14:00 of 1st period - Shot Misses the Net.
14:15 of 1st period - Minor Penalty to Peter Andersson for Holding Stick.
14:16 of 1st period - Lars Eller wins face-off versus Benn Ferriero in Thunder zone.
14:18 of 1st period - Snap shot by Lars Eller.
14:18 of 1st period - Stopped by Devan Dubnyk with a rebound.
14:57 of 1st period - Backhand shot by Cameron Gaunce.
14:57 of 1st period - Shot Misses the Net.
14:59 of 1st period - Slapshot by Brian Dumoulin.
14:59 of 1st period - Stopped by Devan Dubnyk with a rebound.
15:46 of 1st period - Cameron Gaunce is hit by David Wolf and loses puck.
16:14 of 1st period - Icing by Peter Holland.
16:15 of 1st period - Penalty to Peter Andersson is over, Peter Andersson is back on ice.
16:15 of 1st period - Peter Holland wins face-off versus Trevor Lewis in Diablos zone.
16:26 of 1st period - Backhand shot by Barclay Goodrow.
16:26 of 1st period - Shot Misses the Net.
16:40 of 1st period - Tyler Pitlick is hit by Jared Staal and loses puck.
17:09 of 1st period - Benn Ferriero is hit by Jason Akeson.
17:15 of 1st period - Wrist shot by Jason Akeson.
17:15 of 1st period - Shot Misses the Net.
17:38 of 1st period - Brian Dumoulin is hit by Trevor Lewis.
19:19 of 1st period - Jamie McGinn is hit by Brian Dumoulin and loses puck.
19:20 of 1st period - Jamie McGinn from Thunder is injured at 19:20 of 1st period (Strained Right Elbow).
19:21 of 1st period - Lars Eller wins face-off versus Ryan Nugent-Hopkins in Thunder zone.
19:24 of 1st period - Slapshot by Jason Akeson.
19:24 of 1st period - Stopped by Devan Dubnyk with a rebound.
19:26 of 1st period - Slapshot by Cameron Gaunce.
19:26 of 1st period - Stopped by Devan Dubnyk with a rebound.
19:28 of 1st period - Snap shot by Lars Eller.
19:28 of 1st period - Shot Misses the Net.
19:30 of 1st period - Slapshot by Philip Larsen.
19:30 of 1st period - Stopped by Devan Dubnyk with a rebound.
19:32 of 1st period - Slapshot by Cameron Gaunce.
19:32 of 1st period - Shot Blocked by Ryan Nugent-Hopkins.
19:34 of 1st period - Slapshot by Cameron Gaunce.
19:34 of 1st period - Stopped by Devan Dubnyk with a rebound.
19:36 of 1st period - Snap shot by Lars Eller.
19:36 of 1st period - Stopped by Devan Dubnyk without a rebound.
19:37 of 1st period - Thomas Spelling wins face-off versus Corey Trivino in Thunder zone.
19:37 of 1st period - Thomas Spelling is hit by Cameron Gaunce.
Goals for this period are 0 for Thunder vs 0 for Diablos .
Shots for this period are 7 for Thunder vs 14 for Diablos .
2nd period
0:01 of 2nd period - Lars Eller wins face-off versus Ryan Nugent-Hopkins in neutral zone.
0:50 of 2nd period - Joe Labate is hit by Marek Zagrapan and loses puck.
1:06 of 2nd period - Off-side.
1:07 of 2nd period - Peter Holland wins face-off versus Austin Wuthrich in neutral zone.
1:32 of 2nd period - Adam Clendening is hit by Viktor Loov and loses puck.
2:04 of 2nd period - Slapshot by Lars Eller.
2:04 of 2nd period - Stopped by Devan Dubnyk with a rebound.
2:49 of 2nd period - Wrist shot by Lars Eller.
2:49 of 2nd period - Shot Misses the Net.
2:51 of 2nd period - Wrist shot by Jason Akeson.
2:51 of 2nd period - Shot Misses the Net.
2:53 of 2nd period - Slapshot by Alex Petrovic.
2:53 of 2nd period - Shot Blocked by Jared Staal.
3:05 of 2nd period - Jordan Szwarz is hit by Duncan Siemens and loses puck.
3:23 of 2nd period - Slapshot by Thomas Spelling.
3:23 of 2nd period - Stopped by Andrew Hammond with a rebound.
3:25 of 2nd period - Slapshot by Benn Ferriero.
3:25 of 2nd period - Shot Blocked by Cameron Gaunce.
3:27 of 2nd period - Snap shot by Ryan Nugent-Hopkins.
3:27 of 2nd period - Stopped by Andrew Hammond with a rebound.
3:29 of 2nd period - Wrist shot by Ryan Nugent-Hopkins.
3:29 of 2nd period - Deflect By David Wolf.
3:29 of 2nd period - Shot Misses the Net.
3:29 of 2nd period - Puck is out of play.
3:30 of 2nd period - David Wolf wins face-off versus Lars Eller in Diablos zone.
3:31 of 2nd period - Wrist shot by Benn Ferriero.
3:31 of 2nd period - Goal by Benn Ferriero - Thunder : 1 - Diablos : 0.
3:32 of 2nd period - Benn Ferriero wins face-off versus Lars Eller in neutral zone.
3:41 of 2nd period - Snap shot by Jason Akeson.
3:41 of 2nd period - Stopped by Devan Dubnyk with a rebound.
4:38 of 2nd period - Minor Penalty to Bryan Bickell for Roughing.
4:39 of 2nd period - Ryan Nugent-Hopkins wins face-off versus Corey Trivino in Diablos zone.
5:05 of 2nd period - Thomas Spelling is hit by Jason Akeson and loses puck.
6:38 of 2nd period - Penalty to Bryan Bickell is over, Bryan Bickell is back on ice.
6:41 of 2nd period - Off-side.
6:42 of 2nd period - Marek Zagrapan wins face-off versus Vincent Dunn in neutral zone.
6:52 of 2nd period - Slapshot by Mikko Vainonen.
6:52 of 2nd period - Stopped by Andrew Hammond without a rebound.
6:53 of 2nd period - Nick Spaling wins face-off versus Ryan Nugent-Hopkins in Diablos zone.
7:02 of 2nd period - Slapshot by Lars Eller.
7:02 of 2nd period - Stopped by Devan Dubnyk without a rebound.
7:03 of 2nd period - Ryan Nugent-Hopkins wins face-off versus Lars Eller in Thunder zone.
7:11 of 2nd period - Minor Penalty to Philip Larsen for Holding.
7:12 of 2nd period - Corey Trivino wins face-off versus Ryan Nugent-Hopkins in Diablos zone.
7:32 of 2nd period - Corey Trivino is hit by David Wolf.
7:42 of 2nd period - Lars Eller is hit by Benn Ferriero and loses puck.
8:36 of 2nd period - Slapshot by Trevor Lewis.
8:36 of 2nd period - Goal by Trevor Lewis - Thunder : 2 - Diablos : 0.
8:37 of 2nd period - Corey Trivino wins face-off versus Trevor Lewis in neutral zone.
8:39 of 2nd period - Off-side.
8:40 of 2nd period - Trevor Lewis wins face-off versus Corey Trivino in neutral zone.
8:45 of 2nd period - Snap shot by Thomas Spelling.
8:45 of 2nd period - Shot Misses the Net.
8:47 of 2nd period - Snap shot by Trevor Lewis.
8:47 of 2nd period - Stopped by Andrew Hammond with a rebound.
8:49 of 2nd period - Snap shot by Trevor Lewis.
8:49 of 2nd period - Shot Misses the Net.
8:51 of 2nd period - Slapshot by Adam Clendening.
8:51 of 2nd period - Deflect By Thomas Spelling.
8:51 of 2nd period - Shot Blocked by Philip Larsen.
8:51 of 2nd period - Puck is out of play.
8:52 of 2nd period - Nick Spaling wins face-off versus Trevor Lewis in Diablos zone.
9:27 of 2nd period - Wrist shot by Marek Zagrapan.
9:27 of 2nd period - Stopped by Devan Dubnyk with a rebound.
9:35 of 2nd period - Wrist shot by Trevor Lewis.
9:35 of 2nd period - Stopped by Andrew Hammond with a rebound.
9:37 of 2nd period - Snap shot by Trevor Lewis.
9:37 of 2nd period - Shot Misses the Net.
9:43 of 2nd period - Wrist shot by Trevor Lewis.
9:43 of 2nd period - Shot Misses the Net.
9:47 of 2nd period - Wrist shot by Trevor Lewis.
9:47 of 2nd period - Shot Misses the Net.
9:49 of 2nd period - Wrist shot by Trevor Lewis.
9:49 of 2nd period - Goal by Trevor Lewis - Thunder : 3 - Diablos : 0.
9:50 of 2nd period - Lars Eller wins face-off versus Ryan Nugent-Hopkins in neutral zone.
9:55 of 2nd period - Wrist shot by Jason Akeson.
9:55 of 2nd period - Goal by Jason Akeson - Thunder : 3 - Diablos : 1.
9:56 of 2nd period - Ryan Nugent-Hopkins wins face-off versus Lars Eller in neutral zone.
10:30 of 2nd period - Backhand shot by Jiri Sekac.
10:30 of 2nd period - Stopped by Devan Dubnyk with a rebound.
10:32 of 2nd period - Wrist shot by Corey Trivino.
10:32 of 2nd period - Stopped by Devan Dubnyk with a rebound.
10:34 of 2nd period - Slapshot by Jiri Sekac.
10:34 of 2nd period - Stopped by Devan Dubnyk with a rebound.
10:55 of 2nd period - Off-side.
10:56 of 2nd period - Lars Eller wins face-off versus Ryan Nugent-Hopkins in neutral zone.
11:23 of 2nd period - Philip Larsen is hit by Jared Staal and loses puck.
11:36 of 2nd period - Snap shot by Jordan Szwarz.
11:36 of 2nd period - Shot Misses the Net.
11:42 of 2nd period - Minor Penalty to Jared Staal for Hooking.
11:43 of 2nd period - Lars Eller wins face-off versus Benn Ferriero in Thunder zone.
12:08 of 2nd period - Snap shot by Corey Trivino.
12:08 of 2nd period - Shot Misses the Net.
12:10 of 2nd period - Snap shot by Philip Larsen.
12:10 of 2nd period - Stopped by Devan Dubnyk without a rebound.
12:11 of 2nd period - Benn Ferriero wins face-off versus Corey Trivino in Thunder zone.
12:53 of 2nd period - Peter Andersson is hit by Corey Trivino and loses puck.
13:42 of 2nd period - Penalty to Jared Staal is over, Jared Staal is back on ice.
13:50 of 2nd period - Duncan Siemens is hit by Sergey Tolchinsky and loses puck.
14:07 of 2nd period - Snap shot by Trevor Lewis.
14:07 of 2nd period - Shot Blocked by Viktor Loov.
14:09 of 2nd period - Wrist shot by Trevor Lewis.
14:09 of 2nd period - Shot Blocked by Bryan Bickell.
14:11 of 2nd period - Snap shot by Trevor Lewis.
14:11 of 2nd period - Shot Blocked by Bryan Bickell.
14:13 of 2nd period - Slapshot by Duncan Siemens.
14:13 of 2nd period - Stopped by Andrew Hammond without a rebound.
14:14 of 2nd period - Trevor Lewis wins face-off versus Corey Trivino in Diablos zone.
14:15 of 2nd period - Snap shot by Thomas Spelling.
14:15 of 2nd period - Deflect By Trevor Lewis.
14:15 of 2nd period - Stopped by Andrew Hammond without a rebound.
14:16 of 2nd period - Jiri Sekac wins face-off versus Trevor Lewis in Diablos zone.
14:56 of 2nd period - Minor Penalty to Joe Labate for Hooking.
14:57 of 2nd period - Benn Ferriero wins face-off versus Jason Akeson in Thunder zone.
15:04 of 2nd period - Slapshot by Ryan Nugent-Hopkins.
15:04 of 2nd period - Goal by Ryan Nugent-Hopkins - Thunder : 4 - Diablos : 1.
15:04 of 2nd period - Kristers Gudlevskis enters game.
15:05 of 2nd period - Benn Ferriero wins face-off versus Lars Eller in neutral zone.
16:56 of 2nd period - Penalty to Joe Labate is over, Joe Labate is back on ice.
17:23 of 2nd period - Slapshot by Philip Larsen.
17:23 of 2nd period - Stopped by Devan Dubnyk without a rebound.
17:24 of 2nd period - Thomas Spelling wins face-off versus Peter Holland in Thunder zone.
17:33 of 2nd period - Snap shot by Trevor Lewis.
17:33 of 2nd period - Stopped by Kristers Gudlevskis with a rebound.
17:49 of 2nd period - David Wolf is hit by Marek Zagrapan.
18:51 of 2nd period - Thomas Spelling is hit by Marek Zagrapan and loses puck.
19:33 of 2nd period - Snap shot by Thomas Spelling.
19:33 of 2nd period - Stopped by Kristers Gudlevskis with a rebound.
19:44 of 2nd period - Minor Penalty to Gianluca Curcuruto for Interference.
19:45 of 2nd period - Lars Eller wins face-off versus Benn Ferriero in Thunder zone.
19:57 of 2nd period - Peter Andersson is hit by Brian Dumoulin and loses puck.
Goals for this period are 4 for Thunder vs 1 for Diablos .
Shots for this period are 13 for Thunder vs 10 for Diablos .
3rd period
0:01 of 3rd period - Ryan Nugent-Hopkins wins face-off versus Lars Eller in neutral zone.
0:06 of 3rd period - Slapshot by Benn Ferriero.
0:06 of 3rd period - Stopped by Kristers Gudlevskis with a rebound.
0:08 of 3rd period - Snap shot by Benn Ferriero.
0:08 of 3rd period - Deflect By Ryan Nugent-Hopkins.
0:08 of 3rd period - Shot Hit the Post.
0:08 of 3rd period - Puck is out of play.
0:09 of 3rd period - Benn Ferriero wins face-off versus Lars Eller in Diablos zone.
0:58 of 3rd period - David Wolf is hit by Nick Spaling and loses puck.
1:44 of 3rd period - Penalty to Gianluca Curcuruto is over, Gianluca Curcuruto is back on ice.
3:25 of 3rd period - Icing by Adam Clendening.
3:26 of 3rd period - Lars Eller wins face-off versus Ryan Nugent-Hopkins in Thunder zone.
3:40 of 3rd period - Wrist shot by Lars Eller.
3:40 of 3rd period - Shot Misses the Net.
3:42 of 3rd period - Snap shot by Lars Eller.
3:42 of 3rd period - Shot Blocked by Duncan Siemens.
4:12 of 3rd period - Slapshot by Ryan Nugent-Hopkins.
4:12 of 3rd period - Deflect By David Wolf.
4:12 of 3rd period - Stopped by Kristers Gudlevskis with a rebound.
4:14 of 3rd period - Snap shot by Ryan Nugent-Hopkins.
4:14 of 3rd period - Stopped by Kristers Gudlevskis with a rebound.
4:16 of 3rd period - Wrist shot by Ryan Nugent-Hopkins.
4:16 of 3rd period - Stopped by Kristers Gudlevskis with a rebound.
4:18 of 3rd period - Snap shot by Benn Ferriero.
4:18 of 3rd period - Shot Hit the Post.
4:32 of 3rd period - Snap shot by Ryan Nugent-Hopkins.
4:32 of 3rd period - Stopped by Kristers Gudlevskis with a rebound.
4:52 of 3rd period - Wrist shot by Benn Ferriero.
4:52 of 3rd period - Shot Blocked by Brian Dumoulin.
4:54 of 3rd period - Backhand shot by David Wolf.
4:54 of 3rd period - Shot Blocked by Sergey Tolchinsky.
4:56 of 3rd period - Slapshot by Duncan Siemens.
4:56 of 3rd period - Shot Misses the Net.
4:58 of 3rd period - Wrist shot by Benn Ferriero.
4:58 of 3rd period - Goal by Benn Ferriero - Thunder : 5 - Diablos : 1.
4:59 of 3rd period - Thomas Spelling wins face-off versus Lars Eller in neutral zone.
5:10 of 3rd period - Snap shot by Thomas Spelling.
5:10 of 3rd period - Shot Blocked by Jason Akeson.
5:12 of 3rd period - Slapshot by Peter Andersson.
5:12 of 3rd period - Stopped by Kristers Gudlevskis with a rebound.
5:14 of 3rd period - Slapshot by Jake Muzzin.
5:14 of 3rd period - Stopped by Kristers Gudlevskis with a rebound.
5:24 of 3rd period - Peter Andersson is hit by Cameron Gaunce and loses puck.
5:35 of 3rd period - Snap shot by Jiri Sekac.
5:35 of 3rd period - Shot Blocked by Jake Muzzin.
5:37 of 3rd period - Slapshot by Viktor Loov.
5:37 of 3rd period - Shot Misses the Net.
5:47 of 3rd period - Wrist shot by Peter Andersson.
5:47 of 3rd period - Shot Misses the Net.
6:27 of 3rd period - Snap shot by Jason Akeson.
6:27 of 3rd period - Shot Misses the Net.
6:56 of 3rd period - Duncan Siemens is hit by Peter Holland and loses puck.
7:01 of 3rd period - Snap shot by Peter Holland.
7:01 of 3rd period - Shot Misses the Net.
7:29 of 3rd period - Joe Labate is hit by Lars Eller and loses puck.
7:36 of 3rd period - Snap shot by Lars Eller.
7:36 of 3rd period - Goal by Lars Eller - Thunder : 5 - Diablos : 2.
7:37 of 3rd period - Ryan Nugent-Hopkins wins face-off versus Nick Spaling in neutral zone.
8:03 of 3rd period - Colby Cave is hit by Jordan Szwarz and loses puck.
8:10 of 3rd period - Wrist shot by Thomas Spelling.
8:10 of 3rd period - Shot Misses the Net.
8:13 of 3rd period - Icing by Jordan Szwarz.
8:14 of 3rd period - Ryan Nugent-Hopkins wins face-off versus Corey Trivino in Diablos zone.
8:51 of 3rd period - Snap shot by Jordan Szwarz.
8:51 of 3rd period - Shot Misses the Net.
9:25 of 3rd period - Minor Penalty to David Wolf for Tripping.
9:26 of 3rd period - Lars Eller wins face-off versus Benn Ferriero in Thunder zone.
11:25 of 3rd period - Penalty to David Wolf is over, David Wolf is back on ice.
12:05 of 3rd period - Backhand shot by Joe Labate.
12:05 of 3rd period - Shot Misses the Net.
12:35 of 3rd period - Marek Zagrapan is hit by Adam Clendening and loses puck.
12:54 of 3rd period - Minor Penalty to Duncan Siemens for Slashing.
12:55 of 3rd period - Benn Ferriero wins face-off versus Lars Eller in Thunder zone.
13:06 of 3rd period - Wrist shot by Jason Akeson.
13:06 of 3rd period - Shot Blocked by Jake Muzzin.
13:08 of 3rd period - Slapshot by Cameron Gaunce.
13:08 of 3rd period - Goal by Cameron Gaunce - Thunder : 5 - Diablos : 3.
13:09 of 3rd period - Ryan Nugent-Hopkins wins face-off versus Lars Eller in neutral zone.
13:11 of 3rd period - Off-side.
13:12 of 3rd period - Lars Eller wins face-off versus David Wolf in neutral zone.
13:21 of 3rd period - Snap shot by Lars Eller.
13:21 of 3rd period - Goal by Lars Eller - Thunder : 5 - Diablos : 4.
13:22 of 3rd period - Lars Eller wins face-off versus Ryan Nugent-Hopkins in neutral zone.
14:16 of 3rd period - Jason Akeson is hit by Thomas Spelling and loses puck.
14:27 of 3rd period - Wrist shot by Benn Ferriero.
14:27 of 3rd period - Shot Misses the Net.
14:31 of 3rd period - Wrist shot by Benn Ferriero.
14:31 of 3rd period - Shot Misses the Net.
14:33 of 3rd period - Slapshot by Adam Clendening.
14:33 of 3rd period - Stopped by Kristers Gudlevskis with a rebound.
14:35 of 3rd period - Snap shot by Adam Clendening.
14:35 of 3rd period - Shot Blocked by Andrei Mironov.
14:37 of 3rd period - Slapshot by Adam Clendening.
14:37 of 3rd period - Goal by Adam Clendening - Thunder : 6 - Diablos : 4.
14:38 of 3rd period - Ryan Nugent-Hopkins wins face-off versus Corey Trivino in neutral zone.
14:50 of 3rd period - Snap shot by Benn Ferriero.
14:50 of 3rd period - Stopped by Kristers Gudlevskis with a rebound.
14:52 of 3rd period - Wrist shot by Benn Ferriero.
14:52 of 3rd period - Goal by Benn Ferriero - Thunder : 7 - Diablos : 4.
14:53 of 3rd period - Corey Trivino wins face-off versus Ryan Nugent-Hopkins in neutral zone.
15:33 of 3rd period - Wrist shot by Jiri Sekac.
15:33 of 3rd period - Deflect By Ryan Nugent-Hopkins.
15:33 of 3rd period - Stopped by Devan Dubnyk without a rebound.
15:34 of 3rd period - Lars Eller wins face-off versus Trevor Lewis in Thunder zone.
15:37 of 3rd period - Snap shot by Lars Eller.
15:37 of 3rd period - Stopped by Devan Dubnyk with a rebound.
15:43 of 3rd period - Slapshot by Thomas Spelling.
15:43 of 3rd period - Shot Blocked by Lars Eller.
15:49 of 3rd period - Wrist shot by Thomas Spelling.
15:49 of 3rd period - Shot Blocked by Lars Eller.
16:36 of 3rd period - Icing by Cameron Gaunce.
16:37 of 3rd period - Trevor Lewis wins face-off versus Lars Eller in Diablos zone.
17:06 of 3rd period - Wrist shot by Lars Eller.
17:06 of 3rd period - Shot Misses the Net.
17:34 of 3rd period - Jason Akeson is hit by Ryan Nugent-Hopkins and loses puck.
18:01 of 3rd period - Slapshot by Cameron Gaunce.
18:01 of 3rd period - Deflect By Lars Eller.
18:01 of 3rd period - Stopped by Devan Dubnyk without a rebound.
18:02 of 3rd period - Trevor Lewis wins face-off versus Corey Trivino in Thunder zone.
18:09 of 3rd period - Slapshot by Jordan Szwarz.
18:09 of 3rd period - Shot Misses the Net.
18:11 of 3rd period - Snap shot by Jiri Sekac.
18:11 of 3rd period - Goal by Jiri Sekac - Thunder : 7 - Diablos : 5.
18:12 of 3rd period - Joe Labate wins face-off versus Marek Zagrapan in neutral zone.
18:17 of 3rd period - Slapshot by Adam Clendening.
18:17 of 3rd period - Stopped by Kristers Gudlevskis with a rebound.
18:23 of 3rd period - Slapshot by Alex Petrovic.
18:23 of 3rd period - Shot Blocked by Jared Staal.
18:25 of 3rd period - Snap shot by Bryan Bickell.
18:25 of 3rd period - Goal by Bryan Bickell - Thunder : 7 - Diablos : 6.
18:26 of 3rd period - Zach Stepan wins face-off versus Marek Zagrapan in neutral zone.
18:35 of 3rd period - Bryan Bickell is hit by Austin Wuthrich.
18:46 of 3rd period - Minor Penalty to Jake Muzzin for High sticking.
18:47 of 3rd period - Benn Ferriero wins face-off versus Nick Spaling in Thunder zone.
18:53 of 3rd period - Icing by Brian Dumoulin.
18:54 of 3rd period - Lars Eller wins face-off versus Benn Ferriero in Diablos zone.
18:59 of 3rd period - Diablos , Kristers Gudlevskis is pulled from the net.
19:29 of 3rd period - Wrist shot by Jordan Szwarz.
19:29 of 3rd period - Shot Blocked by Trevor Lewis.
Goals for this period are 3 for Thunder vs 5 for Diablos .
Shots for this period are 13 for Thunder vs 8 for Diablos .
Back to the Top